cohdb
Replays
Latest Replays
All Replays
Popular Replays
Top Player Replays
Match Explorer
How It Works
Community
CoH3 Stats
Reddit
Sign in to upload your games and track your stats! →
Sign in with Steam
Match 40537745
Unlisted
Match 40537745
Overview
Messages
Build Orders
End
Scout Squad
Scout Squad
Scout Squad
Construct Weapon Support Center
M1919 Machine Gun Team
Selects Airborne Battlegroup
Selects Pathfinders
Bazooka Squad
Infantry Support Center
Selects Paratrooper Squad Paradrop
Paratrooper Squad Paradrop
Paratrooper Squad Paradrop
Construct Medical Station
Bixby
ItsBrettos
vonAJ
疾如风
heer kaiser
karamelik104
PanzerHUNd
4erepashka
0
0
Comments
sign in to comment!
No comments posted yet!